 Dungeon Crawl Stone Soup version 0.31-a0-983-g7b6862f502 (webtiles) character file.

Game seed: 13830907394569080658

37 avis the Ducker (level 3, 16/16 HPs)
             Began as a Felid Shapeshifter on Nov 2, 2023.
             Got out of the dungeon alive.
             The game lasted 00:06:00 (1052 turns).

avis the Ducker (Felid Shapeshifter)                Turns: 1052, Time: 00:06:01

Health: 16/16      AC:  1    Str: 10    XL:     3   Next: 23%
Magic:  4/4        EV: 18    Int: 11    God:
Gold:   40         SH:  0    Dex: 17    Spells: 2/2 levels left
                                        Lives:  0   Deaths: 1

rFire   . .          .
                       - Unarmed
rCold   . . .        (shield unavailable)
rNeg    . . .        (body armour unavailable)
rPois   .            (helmet unavailable)
rElec   .            (cloak unavailable)
rCorr   .            (gloves unavailable)
SInv    +            (boots unavailable)
Will    .....        (no amulet)
Stlth   ++           (no ring)
HPRegen 0.22/turn    (no ring)
MPRegen 0.09/turn

%: no passive effects
@: beast-form, quick
A: beast (slay +2), very small, claws 1, fangs 3, see invisible, speed 1, shaggy
fur 1, stealthy paws, no weapons or thrown items, no armour, multi-lived
a: Begin Untransformation


You escaped.
You were a hulking beast.
You visited 1 branch of the dungeon, and saw 2 of its levels.

You collected 40 gold pieces.

Inventory:

Talismans
 b - a beast talisman
 f - a flux talisman
Scrolls
 e - a scroll of identify {unknown}
Potions
 a - 2 potions of lignification
 c - a potion of curing {unknown}
 d - a potion of degeneration {unknown}


   Skills:
 - Level 2.0 Fighting
 - Level 4.0 Dodging
 - Level 3.0 Unarmed Combat
 * Level 3.5 Shapeshifting


You had 2 spell levels left.
You didn't know any spells.
Your spell library was empty.

Dungeon Overview and Level Annotations

Branches:
Dungeon (2/15)

Altars:


Innate Abilities, Weirdness & Mutations

You are a hulking beast.
Your limbs bulge with bestial killing power. (Slay +2)
You have sharp claws.
You have razor-sharp teeth.
You have supernaturally acute eyesight. (SInv)
You cover ground quickly. (Speed+)
You are covered in fur. (AC +1)
Your paws help you pounce on unaware monsters.
You are incapable of wielding weapons or throwing items.
You cannot wear armour.
You gain extra lives every three experience levels.


Message History

You rejoin the land of the living...
Something loses its grip on you.
You claw the ball python!
You kill the ball python!
The jackal barely misses you. The jackal closely misses you.
You scratch the jackal.
The jackal is moderately wounded.
The jackal misses you. x2
You scratch the jackal.
The jackal is severely wounded.
The jackal completely misses you. The jackal misses you.
The jackal barely misses you.
You scratch the jackal.
You kill the jackal!
The jackal completely misses you. The jackal bites you.
You barely miss the jackal. You bite the jackal.
The jackal is severely wounded.
The jackal closely misses you.
You closely miss the jackal.
The jackal is severely wounded.
The goblin hits you with a +0 club. The jackal barely misses you.
You claw the goblin!
You kill the goblin!
The jackal closely misses you. The hobgoblin closely misses you.
Training target 4.0 for Dodging reached!
Your Dodging skill increases to level 4!
You need to enable at least one skill for training.
You closely miss the jackal. You bite the jackal.
You kill the jackal!
The hobgoblin misses you.
You barely miss the hobgoblin. The hobgoblin completely misses you.
You scratch the hobgoblin.
You kill the hobgoblin!
There is a stone staircase leading up here.
You see here the felid corpse of avis.
You climb upwards.
There is a stone staircase leading down here.
HP restored.
There is a staircase leading out of the dungeon here.
You have escaped!

[# #...#.#.#.#.#.#.#.#...#.# .###
#.##...............##...# ...#
#.#..........#......#...# ##.#
#.##.......#.......######## #.#
#.#......#....#.....# #...#
##.###.##...#...........## #...#
.......#..#...#.#.#.#....###...##
##.##..##...............##......>
##.....#...#..#.h.#..#...#.......
..###..##.............).##.......
#.# ##.#....#.#.#.#...#..###...##
#.# #)##...........#...## #...#
#.# #)#.....#....#......# #...#
#.####.##.......#.......## ##.##
.......#......#..........# #.#
#.####.##...............#####.#
#.# #...#.#.#.#.#.#.#.#...##.#


There were no monsters in sight!

Vanquished Creatures
  A dart slug (D:1)
  An endoplasm (D:1)
  A giant cockroach (D:1)
  4 hobgoblins
  2 jackals (D:2)
  A quokka (D:1)
  4 ball pythons
  4 bats
  2 frilled lizards (D:1)
  4 goblins
  4 kobolds (D:1)
  3 rats (D:1)
31 creatures vanquished.

Notes
Turn   | Place    | Note
-------+----------+-------------------------------------------
     0 | D:1      | avis the Felid Shapeshifter began the quest for the Orb.
     0 | D:1      | Reached XP level 1. HP: 9/9 MP: 2/2
   206 | D:1      | Reached XP level 2. HP: 13/13 MP: 3/3
   214 | D:1      | Reached skill level 3 in Dodging
   863 | D:2      | Reached XP level 3. HP: 16/16 MP: 4/4
   990 | D:2      | Slain by a hobgoblin
  1009 | D:2      | Reached skill level 4 in Dodging
  1052 | D:$      | Got out of the dungeon alive.

Illustrated notes

Levels and vault maps discovered:
D:1:      co_arrival_square_in_a_square_in_a_square, layout_loops_ring
D:2:      layout_basic, minmay_lizard_king

Skill      XL: |  1  2  3 |
---------------+----------+-----
Fighting       | 2 |  2.0
Dodging        | 3 4 |  4.0
Unarmed Combat | |  3.0
Shapeshifting  | |  3.5

Action                     || total
---------------------------++-------
  Melee: Unarmed           ||    56
         Bite              ||     5
         Punch             ||     2
   Stab: Sleeping          ||     1
 Armour: Skin              ||    27
  Dodge: Dodged            ||    69

Table legend: (Time is in decaauts)
 A = Elapsed time spent in this place.
 B = Non-inter-level travel time spent in this place.
 C = Inter-level travel time spent in this place.
 D = Time resting spent in this place.
 E = Time spent auto-exploring this place.
 F = Levels seen in this place.
 G = Mean time per level.
                   A        B        C        D        E       F      G
               +--------+--------+--------+--------+--------+-----+--------+
         Total |    870 |    690 |    180 |     39 |    401 |   2 |  435.0 |
       Dungeon |    870 |    690 |    180 |     39 |    401 |   2 |  435.0 |
               +--------+--------+--------+--------+--------+-----+--------+

Top non-repeatable levels by time:
     D:1: 796 daAuts
     D:2: 74 daAuts
